AoeStats
← The Punisher

Four Lakes

507460127Analyzed
1v1 RM · 14d ago on Sep 18, 2026· 28m 16s· 2 players
Game mode
Random Map
Map size
Tiny (2 player)
Population
200
Speed
Normal
Resources
Standard
Victory
Conquest
Starting age
Dark Age
Ending age
Imperial Age
RankedLock teamsTeams togetherTeam positionsShared explorationLock speedFull tech treeHidden civsTurbo modeCheats
Victory
Defeat
🇪🇸 Koreans · Spain
536
+10
🇺🇸 Sicilians · United States
401
-10
The Punisher
12:36 Feudal Age
13:06 Horse Collar
13:14 Double-Bit Axe
14:32 Town Watch
16:03 Town Watch
17:45 Wheelbarrow
16:55 Town Watch
19:25 Wheelbarrow
21:12 Castle Age
20:09 Gold Mining
21:49 Scale Mail Armor
22:00 Forging
21:56 Scale Barding Armor
24:13 Wheelbarrow
25:50 Bow Saw
25:33 Loom
Hacienda-Somos-Todos
11:21 Feudal Age
11:50 Double-Bit Axe
12:22 Horse Collar
12:56 Fishing Lines
16:07 Fletching
17:13 Wheelbarrow
17:02 Man-at-Arms
19:57 Stone Mining
20:01 Gold Mining
25:40 Castle Age
27:51 Bow Saw
27:57 Heavy Plow
27:22 Crossbowman
Connection lost

Rejoining the realm…

Still unreachable

The connection could not be restored.

Session expired

The server has moved on; the page needs a fresh start.